PAA
LAKE MINNETONKA LOVE BOATS @ MARQUETTE MINERS
08/23/2032
 
TOP OF THE 1ST
Lake Minnetonka Love Boats batting - Pitching for Marquette Miners : RHP Eric Alderliesten
Pitching: RHP Eric Alderliesten
Batting: LHB Su-wu Xiao 0-0: TRIPLE (Flyball, 8LXD)
Batting: RHB Jeff Hunter 0-0: Called Strike
0-1: DOUBLE (Line Drive, 9D)
Su-wu Xiao scores
Batting: LHB Jin-song Seah 0-0: Called Strike
0-1: SINGLE (Line Drive, 8LS)
Jeff Hunter to third
Batting: RHB Mario van Heijbeeck 0-0: 3-RUN HOME RUN (Flyball, 7D), Distance : 426 ft
Batting: SHB Tommy Dreamer 0-0: Ground out 3-1 (Groundball, 34)
Batting: RHB Guillermo Carrizales 0-0: Ball
1-0: Ball
2-0: Called Strike
2-1: Swinging Strike
2-2: Ball
3-2: Ground out 1-3 (Groundball, 15)
Batting: RHB Shihei Kichikawa 0-0: Ball
1-0: Foul Ball, location: 2F
1-1: Ball
2-1: Ball
3-1: SINGLE (Groundball, 34D)
Batting: RHB Francisco Guerra 0-0: Ball
1-0: Ball
2-0: Called Strike
2-1: Foul Ball, location: 2F
2-2: Ball
3-2: Foul Ball, location: 2F
3-2: Base on Balls
Shihei Kichikawa to second
Batting: RHB Mike Bean 0-0: Ball
1-0: Foul Ball, location: 2F
1-1: Ball
2-1: Foul Ball, location: 2F
2-2: Fly out, F3 (Line Drive, 3)
Top of the 1st over - 4 runs, 5 hits, 0 errors, 2 left on base; Lake Minnetonka 4 - Marquette 0
BOTTOM OF THE 1ST
Marquette Miners batting - Pitching for Lake Minnetonka Love Boats : RHP Dylan Telford
Pitching: RHP Dylan Telford
Batting: RHB Steven Rohrs 0-0: Ground out 4-3 (Groundball, 4)
Batting: RHB Mark Keys 0-0: Ball
1-0: Foul Ball, location: 2F
1-1: Called Strike
1-2: Strikes out swinging
Batting: SHB Ben Boston 0-0: Ball
1-0: Ball
2-0: Foul Ball, location: 2F
2-1: Foul Ball, location: 2F
2-2: Ball
3-2: Ground out 4-3 (Groundball, 4)
Bottom of the 1st over - 0 runs, 0 hits, 0 errors, 0 left on base; Lake Minnetonka 4 - Marquette 0
TOP OF THE 2ND
Lake Minnetonka Love Boats batting - Pitching for Marquette Miners : RHP Eric Alderliesten
Batting: LHB Su-wu Xiao 0-0: Ball
1-0: Ball
2-0: SINGLE (Groundball, 4S) (infield hit)
Batting: RHB Jeff Hunter 0-0: Ball
Su-wu Xiao steals 2nd base
1-0: Foul Ball, location: 2F
1-1: Foul Ball, location: 2F
1-2: Ball
2-2: Foul Ball, location: 2F
2-2: Foul Ball, location: 2F
2-2: Fly out, F9 (Flyball, 9D)
Runner from 2nd tags up, SAFE at 3rd, no throw
Batting: LHB Jin-song Seah 0-0: Ball
1-0: Ball
2-0: Called Strike
2-1: Ball
3-1: Base on Balls
Batting: RHB Mario van Heijbeeck 0-0: Ball
1-0: Fielders Choice at 2nd, 4-6 (Groundball, 4)
Su-wu Xiao scores
Batting: SHB Tommy Dreamer 0-0: Foul Ball, location: 2F
0-1: Ball
1-1: Ball
2-1: Called Strike
2-2: Strikes out swinging
Top of the 2nd over - 1 run, 1 hit, 0 errors, 1 left on base; Lake Minnetonka 5 - Marquette 0
BOTTOM OF THE 2ND
Marquette Miners batting - Pitching for Lake Minnetonka Love Boats : RHP Dylan Telford
Batting: RHB Mario Chávez 0-0: Ball
1-0: Reached on error, E5 (Groundball, 56)
Batting: RHB Eli Cline 0-0: Foul Ball, location: 2F
0-1: Called Strike
Mario Chávez steals 2nd base
0-2: Ball
1-2: Strikes out swinging
Batting: RHB Howard Nardo 0-0: Called Strike
Mario Chávez is caught stealing 3rd base
0-1: Called Strike
0-2: Ball
1-2: Strikes out swinging
Bottom of the 2nd over - 0 runs, 0 hits, 1 error, 0 left on base; Lake Minnetonka 5 - Marquette 0
TOP OF THE 3RD
Lake Minnetonka Love Boats batting - Pitching for Marquette Miners : RHP Eric Alderliesten
Batting: RHB Guillermo Carrizales 0-0: Ball
1-0: Foul Ball, location: 2F
1-1: Foul Ball, location: 2F
1-2: Ball
2-2: Fly out, F7 (Flyball, 78S)
Batting: RHB Shihei Kichikawa 0-0: Called Strike
0-1: Ball
1-1: Foul Ball, location: 2F
1-2: Foul Ball, location: 2F
1-2: Ball
2-2: Ball
3-2: Ground out 5-3 (Groundball, 5)
Batting: RHB Francisco Guerra 0-0: Called Strike
0-1: Foul Ball, location: 2F
0-2: Ball
1-2: Ball
2-2: Ball
3-2: Base on Balls
Batting: RHB Mike Bean 0-0: Ball
1-0: Called Strike
1-1: Ball
2-1: Swinging Strike
2-2: Strikes out swinging
Top of the 3rd over - 0 runs, 0 hits, 0 errors, 1 left on base; Lake Minnetonka 5 - Marquette 0
BOTTOM OF THE 3RD
Marquette Miners batting - Pitching for Lake Minnetonka Love Boats : RHP Dylan Telford
Batting: RHB Andrew Cantrell 0-0: Ball
1-0: Called Strike
1-1: Foul Ball, location: 2F
1-2: Ball
2-2: Ball
3-2: Foul Ball, location: 2F
3-2: Foul Ball, location: 2F
3-2: Foul Ball, location: 2F
3-2: Ground out 6-3 (Groundball, 56)
Batting: RHB Alejandro Márquez 0-0: Ball
1-0: Swinging Strike
1-1: Foul Ball, location: 2F
1-2: Strikes out swinging
Batting: SHB Raul Cate 0-0: Ball
1-0: Ball
2-0: Ball
3-0: Base on Balls
Batting: RHB Steven Rohrs 0-0: Called Strike
0-1: SINGLE (Groundball, 4MD)
Raul Cate to second
Runner from 2nd tries for 3rd, SAFE, no throw
Batting: RHB Mark Keys 0-0: Called Strike
0-1: Ball
1-1: Fly out, F8 (Flyball, 8LM)
Bottom of the 3rd over - 0 runs, 1 hit, 0 errors, 2 left on base; Lake Minnetonka 5 - Marquette 0
TOP OF THE 4TH
Lake Minnetonka Love Boats batting - Pitching for Marquette Miners : RHP Eric Alderliesten
Batting: LHB Su-wu Xiao 0-0: Ball
1-0: Foul Ball, location: 2F
1-1: Ball
2-1: Foul Ball, location: 2F
2-2: Foul Ball, location: 2F
2-2: Foul Ball, location: 2F
2-2: Ground out U3 (Groundball, 34)
Pitching: RHP Felipe Pereira
Batting: RHB Jeff Hunter 0-0: Ball
1-0: Ball
2-0: Foul Ball, location: 2F
2-1: Foul Ball, location: 2F
2-2: Ground out 5-3 (Groundball, 56S)
Batting: LHB Jin-song Seah 0-0: Ball
1-0: Swinging Strike
1-1: Called Strike
1-2: Ball
2-2: Fly out, F8 (Line Drive, 8RXD)
Top of the 4th over - 0 runs, 0 hits, 0 errors, 0 left on base; Lake Minnetonka 5 - Marquette 0
BOTTOM OF THE 4TH
Marquette Miners batting - Pitching for Lake Minnetonka Love Boats : RHP Dylan Telford
Batting: SHB Ben Boston 0-0: Ball
1-0: Ball
2-0: Called Strike
2-1: Swinging Strike
2-2: Ball
3-2: Base on Balls
Batting: RHB Mario Chávez 0-0: Ball
Passed Ball!
Ben Boston to second
1-0: Called Strike
1-1: Swinging Strike
1-2: Strikes out swinging
Batting: RHB Eli Cline 0-0: Ground out 4-3 (Groundball, 34)
Ben Boston to third
Batting: RHB Howard Nardo 0-0: Ball
1-0: Fly out, F5 (Popup, 56S)
Bottom of the 4th over - 0 runs, 0 hits, 0 errors, 1 left on base; Lake Minnetonka 5 - Marquette 0
TOP OF THE 5TH
Lake Minnetonka Love Boats batting - Pitching for Marquette Miners : RHP Felipe Pereira
Batting: RHB Mario van Heijbeeck 0-0: Fly out, F7 (Line Drive, 78D)
Batting: SHB Tommy Dreamer 0-0: Foul Ball, location: 2F
0-1: Foul Ball, location: 2F
0-2: Strikes out swinging
Batting: RHB Guillermo Carrizales 0-0: Ground out 5-3 (Groundball, 5)
Top of the 5th over - 0 runs, 0 hits, 0 errors, 0 left on base; Lake Minnetonka 5 - Marquette 0
BOTTOM OF THE 5TH
Marquette Miners batting - Pitching for Lake Minnetonka Love Boats : RHP Dylan Telford
Batting: RHB Andrew Cantrell 0-0: Ground out 5-3 (Groundball, 5L)
Batting: RHB Alejandro Márquez 0-0: Ball
1-0: Ball
2-0: SOLO HOME RUN (Flyball, 9D), Distance : 404 ft
Batting: SHB Raul Cate 0-0: Foul Ball, location: 2F
0-1: Swinging Strike
0-2: Ground out U3 (Groundball, 34S)
Batting: RHB Steven Rohrs 0-0: Called Strike
0-1: Ball
1-1: Ball
2-1: Called Strike
2-2: Strikes out swinging
Bottom of the 5th over - 1 run, 1 hit, 0 errors, 0 left on base; Lake Minnetonka 5 - Marquette 1
TOP OF THE 6TH
Lake Minnetonka Love Boats batting - Pitching for Marquette Miners : RHP Felipe Pereira
Batting: RHB Shihei Kichikawa 0-0: Called Strike
0-1: Called Strike
0-2: Fly out, F7 (Flyball, 7LM)
Batting: RHB Francisco Guerra 0-0: Foul Ball, location: 2F
0-1: Ball
1-1: Ball
2-1: Foul Ball, location: 2F
2-2: Foul Ball, location: 2F
2-2: Fly out, F5 (Line Drive, 5)
Batting: RHB Mike Bean 0-0: Ball
1-0: Foul Ball, location: 2F
1-1: Called Strike
1-2: Strikes out looking
Top of the 6th over - 0 runs, 0 hits, 0 errors, 0 left on base; Lake Minnetonka 5 - Marquette 1
BOTTOM OF THE 6TH
Marquette Miners batting - Pitching for Lake Minnetonka Love Boats : RHP Dylan Telford
Batting: RHB Mark Keys 0-0: SINGLE (Groundball, 34D)
Batting: SHB Ben Boston 0-0: Called Strike
0-1: Ball
1-1: Ball
2-1: Foul Ball, location: 2F
2-2: Ball
3-2: Foul Ball, location: 2F
3-2: Foul Ball, location: 2F
3-2: Foul Ball, location: 2F
3-2: SINGLE (Line Drive, 34D)
Mark Keys to second
Mark Keys to third
Batting: RHB Mario Chávez 0-0: Ball
1-0: Called Strike
1-1: Foul Ball, location: 2F
1-2: Ball
2-2: Fielders Choice at 2nd, 3-6 (Groundball, 34)
Mark Keys scores
Batting: RHB Eli Cline 0-0: Ball
Mario Chávez steals 2nd base
1-0: Called Strike
1-1: Called Strike
1-2: Ball
2-2: Ground out 5-3 (Groundball, 56S)
Mario Chávez to third
Batting: RHB Howard Nardo 0-0: Ball
1-0: Called Strike
1-1: Fly out, F8 (Flyball, 8LS)
Bottom of the 6th over - 1 run, 2 hits, 0 errors, 1 left on base; Lake Minnetonka 5 - Marquette 2
TOP OF THE 7TH
Lake Minnetonka Love Boats batting - Pitching for Marquette Miners : RHP Felipe Pereira
Batting: LHB Su-wu Xiao 0-0: Ball
1-0: Ball
2-0: Called Strike
2-1: Foul Ball, location: 2F
2-2: Ball
3-2: Fly out, F9 (Flyball, 9)
Batting: RHB Jeff Hunter 0-0: Ground out 4-3 (Groundball, 4MS)
Batting: LHB Jin-song Seah 0-0: Ball
1-0: Ball
2-0: Ball
3-0: Called Strike
3-1: Fly out, F7 (Flyball, 7LS)
Top of the 7th over - 0 runs, 0 hits, 0 errors, 0 left on base; Lake Minnetonka 5 - Marquette 2
BOTTOM OF THE 7TH
Marquette Miners batting - Pitching for Lake Minnetonka Love Boats : RHP Dylan Telford
Batting: RHB Andrew Cantrell 0-0: Ground out 6-3 (Groundball, 6S)
Batting: RHB Alejandro Márquez 0-0: Called Strike
0-1: Foul Ball, location: 2F
0-2: Ball
1-2: DOUBLE (Line Drive, 78S)
Batting: SHB Raul Cate 0-0: Ball
1-0: Foul Ball, location: 2F
1-1: Swinging Strike
1-2: Ball
2-2: Ball
3-2: Base on Balls
Batting: RHB Steven Rohrs 0-0: Ball
1-0: Called Strike
1-1: Foul Ball, location: 2F
1-2: Grounds into double play, 5-4-3 (Groundball, 56)
Bottom of the 7th over - 0 runs, 1 hit, 0 errors, 1 left on base; Lake Minnetonka 5 - Marquette 2
TOP OF THE 8TH
Lake Minnetonka Love Boats batting - Pitching for Marquette Miners : RHP Felipe Pereira
Batting: RHB Mario van Heijbeeck 0-0: Ball
1-0: Ball
2-0: Ball
3-0: Called Strike
3-1: Swinging Strike
3-2: SINGLE (Groundball, 4S) (infield hit)
Batting: SHB Tommy Dreamer 0-0: SINGLE (Line Drive, 34D)
Mario van Heijbeeck to second
Runner from 2nd tries for 3rd, SAFE, no throw
Batting: RHB Guillermo Carrizales 0-0: Ball
1-0: Ball
2-0: SINGLE (Line Drive, 56D)
Mario van Heijbeeck scores
Tommy Dreamer to second
Batting: RHB Shihei Kichikawa 0-0: Ball
Wild Pitch!
Tommy Dreamer to third
Guillermo Carrizales to second
1-0: Ball
2-0: Foul Ball, location: 2F
2-1: Foul Ball, location: 2F
2-2: SINGLE (Flyball, 78S)
Tommy Dreamer scores
Guillermo Carrizales to third
Runner from 3rd tries for Home, SAFE, no throw
Batting: RHB Francisco Guerra 0-0: Ball
1-0: Ball
2-0: Ball
Shihei Kichikawa steals 2nd base
3-0: Swinging Strike
3-1: Base on Balls
Pitching: RHP James Neutron
Batting: RHB Mike Bean 0-0: Ball
1-0: Grounds into double play, 4-6-3 (Groundball, 4)
Shihei Kichikawa to third
Batting: LHB Su-wu Xiao 0-0: Ground out 6-3 (Groundball, 6)
Top of the 8th over - 3 runs, 4 hits, 0 errors, 1 left on base; Lake Minnetonka 8 - Marquette 2
BOTTOM OF THE 8TH
Marquette Miners batting - Pitching for Lake Minnetonka Love Boats : RHP Dylan Telford
Batting: RHB Mark Keys 0-0: Ball
1-0: Foul Ball, location: 2F
1-1: Hit by Pitch
Batting: SHB Ben Boston 0-0: Ball
Wild Pitch!
Mark Keys to second
1-0: Foul Ball, location: 2F
1-1: Ball
2-1: Foul Ball, location: 2F
2-2: Foul Ball, location: 2F
2-2: Ball
Wild Pitch!
Mark Keys to third
3-2: Foul Ball, location: 2F
3-2: Foul Ball, location: 2F
3-2: SINGLE (Groundball, 34D)
Mark Keys scores
Batting: RHB Mario Chávez 0-0: Called Strike
0-1: Foul Ball, location: 2F
0-2: Strikes out looking
Pitching: LHP Inaki Maira
Batting: RHB Eli Cline 0-0: Called Strike
0-1: Foul Ball, location: 2F
0-2: Ball
1-2: Strikes out swinging
Batting: RHB Howard Nardo 0-0: Called Strike
0-1: Ball
1-1: Foul Ball, location: 2F
1-2: Ball
2-2: TRIPLE (Flyball, 89XD)
Ben Boston scores
Batting: RHB Andrew Cantrell 0-0: Ball
1-0: Foul Ball, location: 2F
1-1: Foul Ball, location: 2F
1-2: Fly out, F6 (Popup, 6MD)
Bottom of the 8th over - 2 runs, 2 hits, 0 errors, 1 left on base; Lake Minnetonka 8 - Marquette 4
TOP OF THE 9TH
Lake Minnetonka Love Boats batting - Pitching for Marquette Miners : RHP James Neutron
Batting: RHB Jeff Hunter 0-0: Swinging Strike
0-1: Ball
1-1: Ball
2-1: Swinging Strike
2-2: Ball
3-2: Ground out 4-3 (Groundball, 4M)
Batting: LHB Jin-song Seah 0-0: Ground out U3 (Groundball, 3L)
Batting: RHB Mario van Heijbeeck 0-0: Fly out, F9 (Flyball, 9LMF)
Top of the 9th over - 0 runs, 0 hits, 0 errors, 0 left on base; Lake Minnetonka 8 - Marquette 4
BOTTOM OF THE 9TH
Marquette Miners batting - Pitching for Lake Minnetonka Love Boats : LHP Inaki Maira
Pitching: RHP Juan Sánchez
Batting: RHB Alejandro Márquez 0-0: Ball
1-0: Ground out 5-3 (Groundball, 5)
Batting: SHB Raul Cate 0-0: Ball
1-0: Ball
2-0: Ball
3-0: Base on Balls
Batting: RHB Steven Rohrs 0-0: Called Strike
0-1: Ground out 3-1 (Groundball, 34S)
Raul Cate to second
Batting: RHB Mark Keys 0-0: Ball
1-0: Called Strike
1-1: Ball
2-1: Swinging Strike
2-2: Foul Ball, location: 2F
2-2: Ball
3-2: Base on Balls
Batting: SHB Ben Boston 0-0: Swinging Strike
0-1: Called Strike
0-2: Foul Ball, location: 2F
0-2: Strikes out looking
Bottom of the 9th over - 0 runs, 0 hits, 0 errors, 2 left on base; Lake Minnetonka 8 - Marquette 4
Wednesday, September 19th, 2018 - OOTP Baseball 18.8 Build 76